 Dungeon Crawl Stone Soup version 0.29-a0-925-g0a7a3d12f8 (webtiles) character file.

Game seed: 16450096818834095689

22 Sabo the Conjurer (level 2, -1/15 HPs)
             Began as a Gargoyle Conjurer on July 29, 2022.
             Was a Follower of Qazlal.
             Slain by a jackal (2 damage)
             ... on level 1 of the Dungeon.
             The game lasted 00:07:04 (1901 turns).

Sabo the Conjurer (Gargoyle Conjurer)               Turns: 1901, Time: 00:07:04

Health: -1/15      AC:  4    Str: 10    XL:     2   Next: 91%
Magic:  1/5        EV: 11    Int: 18    God:    Qazlal [*.....]
Gold:   19         SH:  1    Dex:  8    Spells: 4/5 levels left

rFire   . . .      SeeInvis .   l - +0 whip
rCold   . . .      Faith    .   (no shield)
rNeg    + . .      Spirit   .   a - +0 robe
rPois   ∞          Reflect  .   (no helmet)
rElec   +          Harm     .   (no cloak)
rCorr   .          Rampage  .   (no gloves)
Will    .....                   (no boots)
Stlth   ++........              (no amulet)
HPRegen 0.05/turn               (no ring)
MPRegen 0.09/turn               (no ring)

@: no status effects
A: sickness immunity, AC +2, negative energy resistance 1, electricity
resistance, torment resistance 1, petrification resistance
a: Renounce Religion


You were on level 1 of the Dungeon.
You worshipped Qazlal.
Qazlal was aware of your devotion.
You visited 1 branch of the dungeon, and saw 1 of its levels.

You collected 19 gold pieces.

Inventory:

Hand Weapons
 l - a +0 whip (weapon)
Armour
 a - a +0 robe (worn)
Jewellery
 c - an amulet of faith
Scrolls
 d - a scroll of butterflies {unknown}
 h - a scroll of enchant weapon {unknown}
 i - a scroll of enchant armour {unknown}
 j - a scroll of identify {unknown}
Potions
 b - 2 potions of magic
 e - a potion of resistance {unknown}
 f - 2 potions of lignification {unknown}
 g - a potion of might {unknown}
 k - a potion of curing {unknown}


   Skills:
 + Level 1.6 Dodging
 + Level 2.4 Stealth
 + Level 2.2 Spellcasting
 + Level 5.0 Conjurations


You had 4 spell levels left.
You knew the following spells:

 Your Spells              Type           Power      Damage    Failure   Level
a - Magic Dart            Conj           80%        1d7       2%          1

Your spell library contained the following spells:

 Spells                   Type           Power      Damage    Failure   Level
 Searing Ray              Conj           40%        2d5       3%          2
 Dazzling Flash           Conj/Hex       22%        N/A       19%         3
 Stone Arrow              Conj/Erth      22%        3d8       19%         3
 Portal Projectile        Hex/Tloc       4%         N/A       47%         3
 Tukima's Dance           Hex            2%         N/A       47%         3
 Fulminant Prism          Conj/Hex       5%         3d7       54%         4
 Iskenderun's Mystic Bla  Conj/Tloc      11%        2d4       54%         4
 Animate Armour           Summ/Erth      4%         N/A       87%         4
 Blade Hands              Tmut           1%         N/A       99%         5
 Lehudib's Crystal Spear  Conj/Erth      5%         10d3      100%        8


Dungeon Overview and Level Annotations

Branches:
Dungeon (1/15)

Altars:
Qazlal


Innate Abilities, Weirdness & Mutations

You are immune to sickness and miasma.
Your stone body is resilient. (AC +2)
You are immune to poison.
You resist negative energy. (rN+)
You are resistant to electric shocks. (rElec)
You are resistant to unholy torment.
You are immune to petrification.


Message History

The jackal bites you.
You closely miss the jackal.
The jackal is almost dead.
The jackal bites you but does no damage.
The jackal bites you.
You barely miss the jackal.
The jackal is almost dead.
The jackal barely misses you.
You barely miss the jackal.
The jackal is almost dead.
The jackal bites you but does no damage. x2
You miss the jackal.
The jackal is almost dead.
The jackal bites you. The jackal misses you.
You closely miss the jackal.
The jackal is almost dead.
The jackal bites you.
* * * LOW HITPOINT WARNING * * *
You closely miss the jackal.
The jackal is almost dead.
The jackal misses you. x2
You barely miss the jackal.
The jackal is almost dead.
The jackal barely misses you.
You barely miss the jackal.
The jackal is almost dead.
The jackal bites you.
* * * LOW HITPOINT WARNING * * *
The jackal bites you.
* * * LOW HITPOINT WARNING * * *
You barely miss the jackal.
The jackal is severely wounded.
The jackal bites you but does no damage.
You barely miss the jackal.
The jackal is severely wounded.
The jackal barely misses you. The jackal closely misses you.
You hit the jackal but do no damage.
The jackal is severely wounded.
The jackal bites you.
You die...

# ##.# ###. # ..... #...# #.##
##≈.. # ..... #...# #..# ##≈♣≈. #
.....##...#####.###≈♣⌠♣≈
....................≈♣..
...........#####.##.#≈..
..................#.#≈.. ##
.......h....#####.#.#≈.< .#
.......@....# #.#.#≈.. .####
###########....#####...#≈..
....###.## ##.###............≈♣..
....##...# #...##.......###.≈♣⌠♣≈
....##...###...##.......# #..≈♣≈.
....#..#..#..#..#.......# ##..≈..
....#.###.#.###.#[......#####....
......# #...# #..#............###
###..## ##.## ##..########....# #


You could see a jackal.

Vanquished Creatures
  5 ball pythons (D:1)
  3 endoplasms (D:1)
  3 hobgoblins (D:1)
  2 jackals (D:1)
  A kobold (D:1)
  A quokka (D:1)
  A bat (D:1)
  3 frilled lizards (D:1)
  A rat (D:1)
20 creatures vanquished.

Vanquished Creatures (others)
  4 toadstools (D:1)
4 creatures vanquished.

Grand Total: 24 creatures vanquished

Notes
Turn   | Place    | Note
-------+----------+-------------------------------------------
     0 | D:1      | Sabo the Gargoyle Conjurer began the quest for the Orb.
     0 | D:1      | Reached XP level 1. HP: 10/10 MP: 3/3
   558 | D:1      | Reached XP level 2. HP: 15/15 MP: 1/5
  1597 | D:1      | Found a faded altar of an unknown god.
  1637 | D:1      | Prayed at the altar of an unknown god.
  1637 | D:1      | Became a worshipper of Qazlal Stormbringer
  1637 | D:1      | Reached * piety under Qazlal
  1885 | D:1      | Reached skill level 5 in Conjurations
  1901 | D:1      | Slain by a jackal

Illustrated notes

Levels and vault maps discovered:
D:1:      ldierk_water_garden, layout_basic, serial_curves, eino_curves_02,
          eino_curves_02, eino_curves_01, eino_curves_03,
          hellmonk_ecumenical_altar_pennies_from_heaven

Skill      XL: |  1  2 |
---------------+-------+-----
Conjurations   | 5 |  5.0
Dodging        | |  1.6
Stealth        | |  2.4
Spellcasting   | |  2.2

Action                   || total
-------------------------++-------
Melee: Whip              ||    14
 Cast: Magic Dart        ||    36
Armor: Robe              ||     7
Dodge: Dodged            ||    13

Table legend: (Time is in decaauts)
 A = Elapsed time spent in this place.
 B = Non-inter-level travel time spent in this place.
 C = Inter-level travel time spent in this place.
 D = Time resting spent in this place.
 E = Time spent auto-exploring this place.
 F = Levels seen in this place.
 G = Mean time per level.
                   A        B        C        D        E       F      G
               +--------+--------+--------+--------+--------+-----+--------+
         Total |   1909 |   1909 |      0 |   1038 |      0 |   1 | 1909.0 |
       Dungeon |   1909 |   1909 |      0 |   1038 |      0 |   1 | 1909.0 |
               +--------+--------+--------+--------+--------+-----+--------+

Top non-repeatable levels by time:
     D:1: 1909 daAuts
